 Dungeon Crawl Stone Soup version 0.19-a0-1553-g64c24c3 (webtiles) character file.

8238 epen the Martial Artist (level 11, -2/135 HPs)
             Began as a Merfolk Monk on Sept 14, 2016.
             Was a Follower of Ru.
             Slain by a brown ugly thing (7 damage)
             ... on level 11 of the Dungeon.
             The game lasted 00:22:26 (12431 turns).

epen the Martial Artist (Merfolk Monk)             Turns: 12431, Time: 00:22:27

Health: -2/135     AC: 13    Str: 17    XL:     11   Next: 27%
Magic:  13/13      EV:  2    Int: 10    God:    Ru [*.....]
Gold:   2050       SH:  0    Dex: 19    Spells: 0 memorised, 10 levels left

rFire  + . .     SeeInvis +     h - +2 falchion of Nurogh {speed, rC+} (curse)
rCold  + . .     Gourm    .     (armour currently unavailable)
rNeg   + + +     Faith    .     (no shield)
rPois  +         Spirit   .     (helmet currently unavailable)
rElec  .         Dismiss  .     (cloak currently unavailable)
rCorr  .         Reflect  .     (gloves currently unavailable)
MR     .....     Harm     .     (boots currently unavailable)
Stlth  +++....... NoTele   +    O - amulet of inaccuracy (curse)
                                A - ring of see invisible (curse)
                                i - ring of protection from fire (curse)

@: mighty, tree-form, corroded, very slow
A: (change form in water), (swift swim), (stealthy swim), (horns 0), (poison
resistance), no conjurations magic, no ice magic, no necromancy magic
a: Renounce Religion


You were on level 11 of the Dungeon.
You worshipped Ru.
Ru was aware of your devotion.
You were not hungry.
You were a tree.
You visited 2 branches of the dungeon, and saw 12 of its levels.
You also visited: Trove and Ossuary.

You collected 2050 gold pieces.

Inventory:

Hand Weapons
 h - the cursed +2 falchion of Nurogh (weapon) {speed, rC+}
   (You found it on level 6 of the Dungeon)

   Attacks with this weapon are significantly faster.
   It protects you from cold.
   It has a curse placed upon it.
 Q - a +1 lajatang of distortion
Armour
 a - the +2 pair of boots of the Assassin (melded) {DetectMon Stab+ Stlth++}
   (You found it in a treasure trove)

   It makes you much more stealthy.
 k - a cursed +4 troll leather armour (melded)
 E - a cursed +1 ring mail of fire resistance
 H - a cursed +2 pair of gloves (melded)
Rods
 t - a +4 rod of shadows (14/14)
   (You found it on level 4 of the Dungeon)
Jewellery
 c - a +5 ring of dexterity
 f - a cursed amulet of rage {unknown}
 g - the cursed ring "Vomua" {rPois MP+9 Int+2}
   (You found it in a treasure trove)

   [ring of intelligence]

   It affects your intelligence (+2).
   It protects you from poison.
   It affects your magic capacity (+9).
   It has a curse placed upon it.
 i - a cursed ring of protection from fire (left branch)
 s - a cursed ring of resist corrosion
 v - a cursed ring of protection from fire
 A - a cursed ring of see invisible (right branch)
 K - a cursed ring of wizardry
 N - an uncursed ring of positive energy
 O - a cursed amulet of inaccuracy (around neck)
Wands
 d - a wand of flame (28/48)
 q - a wand of flame (38/48)
 u - a wand of paralysis (6/24)
 w - a wand of digging (7/24)
 D - a wand of iceblast (4/15)
 F - a wand of flame (18/48)
 M - a wand of acid (11/15)
 S - a wand of acid (3/15)
Scrolls
 j - 2 scrolls of amnesia
 l - 2 scrolls of recharging
 x - a scroll of fear
Potions
 e - a potion of lignification
 m - 4 potions of brilliance
 n - a potion of magic
 r - 2 potions of cancellation
 B - 2 potions of flight
Books
 y - a book of Conjurations

   Spells                             Type                      Level
   a - Magic Dart                     Conjuration                  1
   b - Searing Ray                    Conjuration                  2
   c - Dazzling Spray                 Conjuration/Hexes            3
   d - Fulminant Prism                Conjuration/Hexes            4
   e - Iskenderun's Mystic Blast      Conjuration                  4
   f - Iskenderun's Battlesphere      Conjuration/Charms           5
 z - a book of the Tempests

   Spells                             Type                      Level
   a - Static Discharge               Conjuration/Air              3
   b - Lightning Bolt                 Conjuration/Air              5
   c - Fireball                       Conjuration/Fire             5
   d - Tornado                        Air                          9
   e - Shatter                        Earth                        9
 C - a book of Death

   Spells                             Type                      Level
   a - Corpse Rot                     Necromancy                   2
   b - Sublimation of Blood           Necromancy                   2
   c - Agony                          Necromancy                   5
   d - Dispel Undead                  Necromancy                   5
   e - Excruciating Wounds            Charms/Necromancy            5
   f - Bolt of Draining               Conjuration/Necromancy       5
 J - a book of Maledictions

   Spells                             Type                      Level
   a - Corona                         Hexes                        1
   b - Ensorcelled Hibernation        Hexes/Ice                    2
   c - Confuse                        Hexes                        3
   d - Tukima's Dance                 Hexes                        3
   e - Dazzling Spray                 Conjuration/Hexes            3
Miscellaneous
 p - a box of beasts
 I - a phantom mirror
Comestibles
 b - 4 bread rations
 o - 4 meat rations
 G - 4 chunks of flesh
 L - 23 fruits


   Skills:
 + Level 9.9 Fighting
 + Level 11.4 Dodging
 - Level 2.1 Stealth
 * Level 13.0 Unarmed Combat
 + Level 3.4 Evocations


You had 10 spell levels left.
You didn't know any spells.

Dungeon Overview and Level Annotations

Branches:
Dungeon (11/15)            Temple (1/1) D:6             Orc (0/2) D:9
   Lair: D:8-11

Altars:
Ashenzari
Cheibriados
Dithmenos
Elyvilon
Fedhas
Gozag
Hepliaklqana
Kikubaaqudgha
Makhleb
Nemelex Xobeh
Okawaru
Qazlal
Ru
Sif Muna
Trog
Uskayaw
Vehumet
Xom
Yredelemnul
Zin
The Shining One

Shops:
D:7 %

Annotations:
D:7 epen's ghost, novice MfMo


Innate Abilities, Weirdness & Mutations

((You revert to your normal form in water.))
((You are very nimble and swift while swimming.))
((You are very stealthy in the water.))
You cannot study or cast Conjurations magic.
You cannot study or cast Ice magic.
You cannot study or cast Necromancy magic.
((You have a pair of small horns on your head.))
((Your system is resistant to poisons. (rPois)))


Message History

The +2 pair of boots of the Assassin {DetectMon Stab+ Stlth++} melds into your body.
Your cursed +4 troll leather armour melds into your body.
Your roots penetrate the ground.
The brown ugly thing tail-slaps you.
* * * LOW HITPOINT WARNING * * *
You are splashed with acid!
The acid burns!
* * * LOW HITPOINT WARNING * * *
You closely miss the brown ugly thing. You punch the brown ugly thing!
The brown ugly thing is severely wounded.
The brown ugly thing tail-slaps you but does no damage.
You miss the brown ugly thing.
The brown ugly thing is severely wounded.
The brown ugly thing tail-slaps you.
* * * LOW HITPOINT WARNING * * *
You are splashed with acid!
The acid corrodes you!
The acid burns!
* * * LOW HITPOINT WARNING * * *
Unknown command.
You miss the brown ugly thing. You punch the brown ugly thing.
The brown ugly thing is severely wounded.
The brown ugly thing tail-slaps you!
You die...

#..# #.# ........# #..#
#.# ........# #..# #.#
........# #..# #.#
.[......# #..# #.#
........# #..# #.#
.$......# #..# #.#
........#######..####.####
.......Du♣................
##########################


You could see a brown ugly thing and a mottled dragon.

Vanquished Creatures
  An unseen horror (D:11)
  2 hill giants (D:9)
  An ugly thing (D:9)
  2 cyclopes
  A troll (D:9)
  A two-headed ogre (D:10)
  2 hippogriffs (D:10)
  Edmund (D:4)
  4 sky beasts
  4 ice beasts
  An orc warrior (D:9)
  4 phantoms
  2 black bears
  7 ogres
  2 centaurs
  2 big kobolds
  6 giant frogs
  3 water moccasin zombies (Ossuary)
  3 scorpions
  6 killer bees (D:10)
  5 wights (D:8)
  2 howler monkeys
  5 crimson imps
  A centaur zombie (D:5)
  A jelly (D:6)
  6 hounds
  A centaur skeleton (D:5)
  4 orc priests
  2 iguanas
  6 orc wizards
  A giant frog skeleton (D:5)
  Ijyb (D:2)
  5 worker ants
  3 big kobold zombies (Ossuary)
  2 mummies (Ossuary)
  A hound skeleton (D:5)
  3 worker ant zombies
  A howler monkey skeleton (D:10)
  A gnoll (D:4)
  8 adders
  3 shadow imps
  2 oozes
  4 adder zombies (Ossuary)
  2 adder skeletons
  A worm (D:3)
  2 dart slugs
  6 giant geckos
  43 orcs
  7 bats
  6 giant cockroaches
  A gnoll zombie (Ossuary)
  6 goblins
  5 hobgoblins
  20 jackals
  9 kobolds
  2 quokkas
  A ball python (D:3)
  5 frilled lizards
  4 hobgoblin zombies (Ossuary)
  5 kobold zombies (Ossuary)
  4 orc zombies (Ossuary)
  A quokka skeleton (D:5)
  6 rats
259 creatures vanquished.

Vanquished Creatures (others)
  A big kobold zombie (Ossuary)
  A gnoll zombie (Ossuary)
  2 hobgoblin zombies (Ossuary)
  A kobold zombie (Ossuary)
  3 plants (D:8)
8 creatures vanquished.

Grand Total: 267 creatures vanquished

Notes
Turn   | Place    | Note
-------+----------+-------------------------------------------
     0 | D:1      | epen the Merfolk Monk began the quest for the Orb.
     0 | D:1      | Reached XP level 1. HP: 18/18 MP: 1/1
   107 | D:1      | Reached XP level 2. HP: 24/24 MP: 2/2
   238 | D:1      | Reached XP level 3. HP: 20/29 MP: 3/3
   362 | D:1      | Reached skill level 4 in Unarmed Combat
   910 | D:2      | Found a faded altar of an unknown god.
   941 | D:2      | Found a sacrificial altar of Ru.
  1154 | D:2      | Found an iron altar of Okawaru.
  1260 | D:2      | Noticed Ijyb
  1271 | D:2      | Killed Ijyb
  1271 | D:2      | Reached XP level 4. HP: 12/37 MP: 4/4
  1277 | D:2      | Reached skill level 5 in Dodging
  1859 | D:3      | Reached XP level 5. HP: 39/42 MP: 5/5
  2225 | D:4      | Noticed Edmund
  2358 | D:4      | Reached skill level 5 in Unarmed Combat
  2452 | D:4      | Noticed an ogre
  2465 | D:4      | Found a sand-covered staircase.
  2480 | D:4      | Killed an ogre
  2480 | D:4      | Reached XP level 6. HP: 20/49 MP: 6/6
  2508 | Ossuary  | Entered an ossuary
  3237 | Ossuary  | Reached skill level 6 in Unarmed Combat
  3336 | Ossuary  | Reached skill level 5 in Fighting
  3336 | Ossuary  | Reached XP level 7. HP: 45/56 MP: 7/7
  4454 | D:4      | Killed Edmund
  4454 | D:4      | Reached skill level 7 in Unarmed Combat
  5000 | D:4      | Reached XP level 8. HP: 57/64 MP: 8/8
  5096 | D:5      | Entered Level 5 of the Dungeon
  5096 | D:5      | Found a shimmering altar of Xom.
  5526 | D:5      | Gained mutation: Your muscles are strong. (Str +2) [potion of mutation]
  5526 | D:5      | Gained mutation: Scrolls take you a little longer to read. [potion of mutation]
  5526 | D:5      | Gained mutation: Your body sometimes deteriorates upon taking damage. [potion of mutation]
  5527 | D:5      | Lost mutation: Your body sometimes deteriorates upon taking damage. [potion of cure mutation]
  5527 | D:5      | Lost mutation: Scrolls take you a little longer to read. [potion of cure mutation]
  5527 | D:5      | Lost mutation: Your muscles are strong. (Str +2) [potion of cure mutation]
  5528 | D:5      | Identified a +4 rod of shadows (14/14) (You found it on level 4 of the Dungeon)
  5702 | D:5      | Gained mutation: You are clumsy. (Dex -2) [potion of mutation]
  5702 | D:5      | Gained mutation: You have a pair of small horns on your head. [potion of mutation]
  5702 | D:5      | Lost mutation: You are clumsy. (Dex -2) [potion of mutation]
  5836 | D:5      | Reached skill level 8 in Unarmed Combat
  6491 | D:6      | Reached skill level 9 in Unarmed Combat
  6491 | D:6      | Reached XP level 9. HP: 71/71 MP: 9/9
  6713 | D:6      | Found a staircase to the Ecumenical Temple.
  6723 | Temple   | Entered the Ecumenical Temple
  7237 | D:6      | Found an ancient bone altar of Kikubaaqudgha.
  7528 | D:7      | Noticed epen's ghost (novice MfMo)
  7821 | D:7      | Gained mutation: Your system is resistant to poisons. (rPois) [mutagenic meat]
  7881 | D:7      | Reached skill level 10 in Unarmed Combat
  8053 | D:6      | Got an ancient falchion
  8054 | D:6      | Identified the cursed +2 falchion of Nurogh {speed, rC+} (You found it on level 6 of the Dungeon)
  8165 | D:7      | Found Dinnurosk's Food Emporium.
  8614 | D:8      | Found a hide-covered altar of Uskayaw.
  8622 | D:8      | Noticed a cyclops
  8862 | D:8      | Found a sacrificial altar of Ru.
  9198 | D:8      | Killed a cyclops
  9198 | D:8      | Reached skill level 10 in Dodging
  9198 | D:8      | Reached skill level 11 in Unarmed Combat
  9198 | D:8      | Reached XP level 10. HP: 82/82 MP: 10/10
  9244 | D:8      | Found a radiant altar of Vehumet.
  9245 | D:8      | Found a deep blue altar of Sif Muna.
  9245 | D:8      | Found a sparkling altar of Nemelex Xobeh.
  9245 | D:8      | Found a basalt altar of Yredelemnul.
  9246 | D:8      | Found a snail-covered altar of Cheibriados.
  9247 | D:8      | Found a burning altar of Makhleb.
  9251 | D:8      | Became a worshipper of Cheibriados the Contemplative
  9251 | D:8      | Reached * piety under Cheibriados
  9251 | D:8      | Reached ** piety under Cheibriados
  9253 | D:8      | Found a shimmering altar of Xom.
  9255 | D:8      | Found a shattered altar of Ashenzari.
  9594 | D:9      | Noticed a green ugly thing
  9598 | D:9      | Fell from the grace of Cheibriados
  9642 | D:9      | Killed a green ugly thing
  9978 | D:8      | Became a worshipper of Ru the Awakened
 10534 | D:9      | Noticed a hill giant
 10550 | D:9      | Killed a hill giant
 10550 | D:9      | Reached skill level 12 in Unarmed Combat
 10550 | D:9      | Reached skill level 1 in Evocations
 10651 | D:9      | Noticed a hill giant
 10891 | D:9      | Found a staircase to the Orcish Mines.
 10959 | D:9      | Killed a hill giant
 11056 | D:10     | Entered Level 10 of the Dungeon
 11176 | D:10     | Found a portal to a secret trove of treasure.
 11180 | Trove    | Entered a treasure trove
 11205 | Trove    | Got a smoking lead ring
 11298 | D:10     | Identified the ring "Vomua" {rPois MP+9 Int+2} (You found it in a treasure trove)
 11504 | D:10     | Reached XP level 11. HP: 86/89 MP: 12/12
 12007 | D:11     | Noticed a cyclops
 12009 | D:11     | Gained mutation: You cannot study or cast Ice magic. [Ru sacrifice]
 12009 | D:11     | Gained mutation: You cannot study or cast Necromancy magic. [Ru sacrifice]
 12009 | D:11     | Gained mutation: You cannot study or cast Conjurations magic. [Ru sacrifice]
 12009 | D:11     | Reached * piety under Ru
 12011 | D:11     | HP: 2/90 [cyclops/large rock (38)]
 12193 | D:11     | Noticed an unseen horror
 12212 | D:11     | Killed an unseen horror
 12308 | D:11     | Killed a cyclops
 12308 | D:11     | Reached skill level 13 in Unarmed Combat
 12396 | D:11     | Noticed a brown ugly thing
 12430 | D:11     | HP: 5/135 [acid (10)]
 12431 | D:11     | Slain by a brown ugly thing

Vault maps used:
D:1:      minmay_arrival_five_plusses
D:2:      marbit_many_paths, ecumenical_altar_1, kennysheep_crisscross,
          nicolae_ru_sacrificial_ziggurat, uniq_iyjb
D:3:      first_bread
D:4:      nicolae_ossuary_entry_false_entrances, minmay_checkerbox, uniq_edmund
D:5:      basic_altar
D:6:      kiku_gazebo_pond_becter
D:7:      serial_shops, kennysheep_mini_moat
D:8:      minitemple, david_lair_shrubbed, blue_anna_alchemist
D:9:      hiddenorc1_lemuel, corexii_leaking_fountain
D:10:     enter_trove_6
Temple:   jpeg_temple_island
Trove:    trove_simple
Ossuary:  ossuary_tomb_2

Skill      XL: |  1  2  3  4  5  6  7  8  9 10 11 |
---------------+----------------------------------+-----
Unarmed Combat | 4 5 6 7 9 11 12 13 | 13.0
Fighting       | 4 5 6 8 9 |  9.9
Dodging        | 5 6 7 8 10 11 | 11.4
Evocations     | 2 3 |  3.4
Stealth        | |  2.1

Action                   |  1- 3 |  4- 6 |  7- 9 | 10-12 || total
-------------------------+-------+-------+-------+-------++-------
Melee: Unarmed           |    61 |   123 |   114 |       ||   298
       Punch             |     2 |     7 |    29 |    42 ||    80
       Whip              |    37 |   123 |   338 |       ||   498
       Headbutt          |       |       |    97 |   143 ||   240
       Falchion          |       |       |   137 |   626 ||   763
Invok: Sacrifice Arcana  |       |       |       |     1 ||     1
Evoke: Rod               |       |       |     1 |       ||     1
  Use: Potion            |       |     2 |     7 |     7 ||    16
       Scroll            |       |     8 |    14 |    10 ||    32
 Stab: Sleeping          |     5 |     5 |     1 |     6 ||    17
       Distracted        |       |       |     2 |       ||     2
  Eat: Chunk             |       |     6 |    16 |     8 ||    30
       Meat ration       |       |       |     1 |     1 ||     2
       Pizza             |       |       |     1 |       ||     1
       Fruit             |       |       |       |     1 ||     1
Armor: Robe              |    22 |       |       |       ||    22
       Ring mail         |     9 |    88 |   142 |    35 ||   274
       Troll leather arm |       |       |       |    77 ||    77
       Skin              |       |       |       |     1 ||     1
Dodge: Dodged            |    67 |   185 |   394 |   410 ||  1056
